Map: Canyon of Tribulation

Players

Faust

  • Race: Protoss Protoss
  • League: Diamond
  • Spawn Location: 6:00

Cthulhu

  • Race: Terran Terran
  • Spawn Location: 6:00

Throwfordays

  • Race: Zerg Zerg
  • League: Silver
  • Spawn Location: 7:00

Leonidas

  • Race: Terran Terran
  • Spawn Location: 12:00

Mazkranis

  • Race: Zerg Zerg
  • Spawn Location: 12:00

hillfolk

  • Race: Zerg Zerg
  • League: Gold
  • Spawn Location: 3:00

VOD

Have the link to the VOD?

Description

Time

  • Played on: March 1, 2019, 11:29 p.m.
  • Length: 7:09
Show
View Real Time Build Order
Export as new Build Order

Faust Protoss 

Build Orders: Nexus First 

Get SALT Encoding   

  12  0:01  Probe  
  13  0:13  Probe  
  14  0:34  Probe  
  15  0:51  Nexus  
  15  0:58  Pylon  
  15  1:12  Assimilator  
  15  1:16  Probe  
  16  1:24  Gateway, Probe  
  16  1:32  Probe  
  18  1:40  Probe  
  19  1:48  Probe  
  19  1:53  Pylon  
  20  1:58  Probe  
  21  2:13  Cybernetics Core  
  21  2:17  Assimilator, Probe  
  21  2:18  Probe  
  23  2:25  Probe  
  23  2:26  Probe  
  23  2:28  Zealot  
  26  2:30  Warp Gate  
  26  2:35  Probe x2  
  29  2:47  Probe x2  
  31  2:52  Twilight Council  
  31  2:59  Probe  
  31  3:00  Probe  
  31  3:02  Adept  
  35  3:11  Probe  
  35  3:12  Probe  
  37  3:24  Probe x2  
  39  3:30  Resonating Glaives  
  39  3:34  Adept  
  39  3:36  Probe x2  
  43  3:43  Gateway  
  43  3:46  Gateway  
  43  3:48  Probe  
  43  3:49  Probe  
  43  3:51  Assimilator  
  45  3:57  Assimilator  
  45  4:01  Probe  
  46  4:04  Pylon  
  46  4:18  Gateway  
  46  4:22  Probe  
  47  4:24  Gateway  
  47  4:25  Probe  
  48  4:34  Probe  
  47  4:41  Stalker  
  47  4:42  Stalker x2  
  46  5:11  Pylon  
  46  5:13  Pylon  
  46  5:15  Pylon  
  46  5:16  Pylon  
  46  5:41  Stalker x4  
  50  5:50  Gateway  
  50  5:51  Gateway  
  50  5:53  Gateway  
  43  6:19  Stalker  
  43  6:20  Stalker  
  43  6:21  Stalker  
  43  6:50  Stalker x3  
Show
View Real Time Build Order
Export as new Build Order

Cthulhu Terran 

Build Orders: Command Center First (CC) 

Get SALT Encoding   

  12  0:01  SCV  
  13  0:13  SCV  
  14  0:23  Supply Depot  
  14  0:25  SCV  
  15  0:44  SCV  
  16  1:01  Command Center  
  16  1:03  SCV  
  17  1:24  SCV  
  18  1:27  Refinery  
  18  1:31  Barracks  
  18  1:38  SCV  
  19  1:50  SCV  
  20  1:59  Refinery  
  20  2:07  SCV  
  21  2:15  Refinery  
  21  2:18  Orbital Command  
  21  2:19  Orbital Command  
  21  2:29  Factory  
  21  2:39  Marine  
  22  2:55  SCV x2  
  23  2:58  Marine  
  24  3:07  SCV  
  25  3:20  Factory Tech Lab  
  25  3:21  Starport  
  25  3:27  Barracks Reactor  
  25  3:28  Starport  
  25  3:53  SCV x2  
  27  4:05  SCV  
  26  4:42  Viking x2  
  26  4:45  Banshee  
  33  4:46  Widow Mine  
  33  4:47  Marine  
  36  4:57  SCV x2  
  38  5:03  Supply Depot, Armory  
  38  5:09  Marine, SCV x2  
  41  5:18  Viking x2  
  45  5:21  SCV  
  46  5:29  Banshee  
  41  5:53  Marine  
  41  5:55  Viking x2  
  41  5:57  Widow Mine  
  48  6:09  SCV x2  
  50  6:14  Banshee  
  53  6:27  Widow Mine  
  54  6:41  Marine, SCV x2  
Show
View Real Time Build Order
Export as new Build Order

Throwfordays Zerg 

Build Orders: Hatch First 

Get SALT Encoding   

  12  0:01  Drone  
  13  0:17  Drone  
  14  0:38  Hatchery  
  14  0:41  Drone  
  14  0:46  Overlord  
  14  1:07  Spawning Pool  
  14  1:11  Drone x2  
  15  1:15  Drone  
  16  1:21  Extractor  
  16  1:22  Drone  
  16  1:34  Drone  
  17  1:45  Drone  
  18  1:56  Drone  
  18  1:57  Queen  
  21  2:07  Queen  
  23  2:16  Drone  
  23  2:17  Drone  
  23  2:19  Drone  
  26  2:24  Overlord  
  26  2:30  Overlord  
  26  2:33  Queen  
  26  2:36  Metabolic Boost  
  28  2:43  Drone x2  
  30  2:46  Drone  
  30  2:49  Drone  
  32  3:01  Extractor  
  32  3:02  Evolution Chamber  
  32  3:04  Drone  
  31  3:08  Zergling x8  
  35  3:15  Drone x3  
  35  3:19  Drone  
  39  3:22  Drone  
  39  3:23  Drone  
  41  3:32  Zerg Melee Weapons Level 1  
  38  3:46  Queen  
  37  3:51  Zergling x4  
  37  3:52  Zergling x6  
  42  4:02  Drone x2  
  40  4:21  Queen  
  39  4:25  Spine Crawler  
  39  4:27  Spine Crawler  
  39  4:29  Zergling x4  
  39  4:30  Zergling x8  
  37  4:32  Zergling x8  
  27  4:52  Drone x2  
  29  4:57  Queen  
  31  5:01  Drone x2  
  33  5:08  Drone  
  20  5:28  Zergling x4  
  20  5:29  Zergling x4  
  22  5:42  Zergling x2  
  22  5:52  Zergling x2  
  23  6:00  Zergling x12  
  29  6:05  Drone  
  22  6:41  Zergling x6  
Show
View Real Time Build Order
Export as new Build Order

Leonidas Terran 

Build Orders:  

Get SALT Encoding   

  12  0:01  SCV  
  13  0:14  SCV  
  14  0:19  Supply Depot  
  14  0:31  SCV  
  15  0:43  SCV  
  15  0:45  Barracks  
  16  0:55  SCV  
  17  1:08  SCV  
  18  1:20  Command Center  
  18  1:33  Orbital Command  
  18  1:40  Marine  
  18  1:44  Barracks  
  19  1:50  Refinery  
  19  1:59  Marine  
  20  2:05  Supply Depot  
  20  2:08  SCV  
  21  2:20  Marine  
  21  2:22  SCV  
  23  2:28  Supply Depot  
  23  2:35  Orbital Command  
  23  2:41  Barracks  
  23  2:42  Barracks Reactor  
  23  2:45  Marine  
  24  2:58  SCV  
  25  3:03  SCV  
  26  3:10  SCV  
  26  3:11  Barracks Tech Lab  
  27  3:15  SCV  
  28  3:22  Marine x2, Supply Depot, SCV  
  31  3:27  SCV  
  31  3:33  Factory  
  32  3:34  Refinery  
  34  3:41  Marine  
  34  3:42  Marine x2  
  34  3:43  Marine  
  34  3:46  SCV x2  
  38  3:51  Supply Depot  
  38  3:56  Engineering Bay  
  38  4:03  Engineering Bay  
  38  4:10  Refinery  
  38  4:17  SCV x2  
  40  4:19  Factory Reactor  
  40  4:29  SCV x2  
  42  4:34  Stimpack  
  42  4:36  Starport  
  42  4:41  SCV x2  
  44  4:53  Barracks Reactor, SCV x2  
  44  4:56  Marine x2  
  48  5:00  Terran Infantry Weapons Level 1  
  48  5:05  SCV x2  
  50  5:17  SCV  
  51  5:24  Refinery  
  51  5:29  Marine x2  
  51  5:30  Marine  
  54  5:38  Armory  
  54  5:41  SCV x2  
  56  5:46  Supply Depot  
  56  5:49  Medivac x2  
  60  5:53  SCV x2  
  62  5:59  Barracks  
  62  6:01  Barracks  
  62  6:02  Barracks  
  62  6:05  SCV x2  
  62  6:10  Marine x3  
  62  6:11  Marine  
  67  6:16  Supply Depot  
  67  6:18  Supply Depot  
  68  6:19  Supply Depot  
  68  6:29  Marine x3  
  68  6:30  Marine x2  
  68  6:31  Medivac x2  
  77  6:36  Factory Tech Lab  
  65  7:02  Barracks Reactor  
  65  7:03  Barracks Reactor x2  
Show
View Real Time Build Order
Export as new Build Order

Mazkranis Zerg 

Build Orders: Pool First, Zergling Baneling 

Get SALT Encoding   

  12  0:12  Overlord  
  12  0:14  Drone  
  13  0:18  Drone  
  14  0:30  Drone  
  14  0:35  Drone  
  16  0:47  Spawning Pool  
  15  0:50  Drone  
  15  0:53  Extractor  
  15  0:55  Drone  
  16  1:07  Drone  
  17  1:19  Overlord  
  17  1:28  Drone  
  18  1:34  Queen  
  20  1:45  Drone  
  21  1:49  Hatchery  
  21  1:52  Zergling x2  
  21  1:57  Metabolic Boost  
  21  2:04  Zergling x2  
  22  2:11  Overlord  
  22  2:24  Drone  
  23  2:35  Zergling x2  
  24  2:44  Zergling x2  
  24  2:45  Zergling x4  
  24  2:48  Zergling x2  
  28  2:58  Drone  
  28  3:03  Queen, Baneling Nest  
  28  3:05  Zergling x2  
  31  3:19  Zergling x8  
  35  3:28  Zergling x2  
  35  3:29  Zergling x4  
  33  3:45  Zergling x6  
  33  3:47  Baneling x2  
  34  3:49  Zergling x2  
  34  3:51  Queen  
  37  3:57  Overlord  
  37  4:02  Baneling x2  
  36  4:16  Zergling x6  
  35  4:31  Zergling x8  
  34  4:32  Zergling x2  
  34  4:33  Zergling x4  
  40  4:39  Zergling x4  
  40  4:45  Zergling x2  
  43  4:51  Baneling x4  
  42  4:54  Zergling x2  
  43  5:04  Overlord  
  43  5:06  Zergling x4  
  45  5:07  Baneling  
  45  5:10  Baneling  
  38  5:38  Zergling x2  
  38  5:39  Zergling x14  
  45  5:45  Zergling x4  
  46  5:58  Zergling x6  
  49  6:06  Extractor, Overlord  
  49  6:09  Baneling x3  
  48  6:20  Zergling x2  
  48  6:21  Zergling x2  
  48  6:22  Baneling x2  
  48  6:23  Baneling x2  
Show
View Real Time Build Order
Export as new Build Order

hillfolk Zerg 

Build Orders: Hatch First, Roach Nydus 

Get SALT Encoding   

  12  0:00  Drone  
  13  0:12  Overlord  
  13  0:18  Drone  
  14  0:36  Drone x2  
  16  0:51  Hatchery  
  16  0:54  Drone  
  16  0:58  Drone  
  16  1:02  Drone  
  18  1:07  Extractor  
  17  1:19  Spawning Pool  
  17  1:21  Drone  
  17  1:27  Drone  
  18  1:35  Drone  
  19  1:42  Drone  
  20  1:53  Overlord  
  20  2:05  Queen  
  22  2:09  Lair  
  22  2:16  Drone  
  22  2:17  Extractor, Drone  
  22  2:18  Drone x2  
  25  2:26  Zergling x2  
  25  2:28  Overlord  
  26  2:43  Queen  
  28  2:46  Drone x2  
  30  2:59  Drone, Roach Warren  
  30  3:07  Nydus Network  
  30  3:10  Drone  
  30  3:22  Queen  
  32  3:27  Queen  
  34  3:41  Roach x3  
  40  3:46  Overlord  
  40  3:54  Roach  
  40  3:55  Roach  
  44  4:07  Roach x3  
  50  4:12  Roach  
  50  4:15  Nydus Canal  
  52  4:24  Overlord  
  52  4:25  Overlord  
  51  4:48  Roach x2  
  51  4:49  Roach x3  
  51  4:51  Ravager  
  59  5:08  Roach x3  
  59  5:09  Roach  
  67  5:23  Spore Crawler  
  67  5:24  Spore Crawler  
  57  6:01  Roach x2  
  57  6:02  Roach  
  61  6:13  Roach  
  61  6:14  Roach x2  
Tags
 
Add a new tag
Caveats
  • Supply blocks, unpowered buildings, or Contaminate may cause inaccurate times.
  • Supply counts are checked every 10 seconds.